Map: Proxima Station LE

Players

iaguz

  • Race: Terran Terran
  • Spawn Location: 7:00

GAMETIME - Winner!

  • Race: Zerg Zerg
  • Spawn Location: 1:00

Event: WCS Austin 2017

VOD

Have the link to the VOD?

Description

Time

  • Played on: April 28, 2017, 8:34 p.m.
  • Length: 8:02

All games in this series

Show
View Real Time Build Order
Export as new Build Order

iaguz Terran 

Build Orders:  

Get SALT Encoding   

  12  0:00  SCV  
  13  0:13  SCV  
  14  0:19  Supply Depot  
  14  0:25  SCV  
  15  0:40  SCV  
  15  0:41  Barracks  
  16  0:45  Refinery  
  16  0:52  SCV  
  17  1:04  SCV  
  18  1:17  SCV  
  19  1:28  Marine  
  19  1:29  Orbital Command  
  20  1:40  Command Center  
  20  1:46  Marine  
  21  1:53  Supply Depot  
  21  1:56  SCV  
  22  2:08  Factory  
  22  2:11  SCV  
  23  2:22  Refinery  
  23  2:24  SCV  
  23  2:26  Barracks Reactor  
  24  2:36  SCV  
  25  2:48  SCV  
  26  2:54  Widow Mine  
  26  2:56  Starport, Orbital Command  
  28  3:02  Marine x2  
  28  3:03  SCV  
  31  3:15  SCV  
  32  3:20  Supply Depot  
  32  3:26  Marine x2  
  34  3:27  Factory Tech Lab, SCV  
  34  3:28  SCV  
  36  3:34  Medivac  
  38  3:41  SCV x2  
  40  3:53  SCV  
  40  3:54  Command Center, SCV  
  42  3:58  Siege Tank  
  42  3:59  Marine  
  42  4:02  Marine  
  47  4:09  SCV x2  
  49  4:10  Supply Depot  
  49  4:13  Medivac  
  51  4:17  Marine  
  51  4:19  Marine  
  51  4:22  SCV  
  51  4:23  Supply Depot  
  54  4:30  Liberator  
  54  4:31  SCV  
  54  4:34  SCV  
  56  4:43  SCV  
  57  4:46  SCV  
  60  4:53  Barracks  
  60  4:54  Barracks  
  60  4:56  SCV  
  60  4:58  SCV  
  60  5:01  Marine  
  60  5:02  Stimpack  
  60  5:05  Engineering Bay  
  60  5:06  Engineering Bay  
  61  5:08  SCV, Orbital Command  
  61  5:09  Factory Reactor  
  61  5:10  SCV  
  63  5:14  Refinery  
  63  5:15  Refinery  
  63  5:20  SCV  
  62  5:22  SCV  
  62  5:26  Marine  
  64  5:29  Orbital Command  
  64  5:32  SCV  
  64  5:33  Terran Infantry Armor Level 1, Terran Infantry Weapons Level 1  
  65  5:36  Starport Reactor  
  65  5:42  SCV  
  66  5:43  Marine x2  
  66  5:45  Barracks  
  66  5:49  SCV  
  69  5:50  Barracks  
  69  5:54  Factory Reactor, SCV  
  70  5:58  Marine x3  
  70  6:00  Missile Turret  
  70  6:07  Missile Turret x2  
  70  6:08  Marine x2  
  70  6:09  SCV  
  70  6:10  SCV  
  70  6:11  Missile Turret  
  71  6:12  SCV  
  71  6:15  Marine x2  
  71  6:21  Missile Turret  
  71  6:24  Marine  
  71  6:25  Medivac  
  71  6:26  Medivac, Marine  
  71  6:27  SCV x3  
  75  6:33  Widow Mine x2  
  79  6:41  Supply Depot  
  79  6:42  Supply Depot  
  79  6:43  SCV x3  
  79  6:45  Marine x2  
  79  6:46  Marine  
  79  6:47  Barracks Reactor  
  84  6:49  Marine  
  84  6:55  SCV  
  84  7:00  SCV  
  81  7:06  Widow Mine, Marine x3  
  74  7:14  Marine x3  
  66  7:19  Widow Mine  
  66  7:22  Medivac x2  
  63  7:24  Marine x3, SCV x2  
  63  7:25  SCV  
  69  7:30  Marine x2  
  69  7:32  Marine x3  
  69  7:41  Marine  
  69  7:42  Marine x2  
  71  7:50  SCV  
Show
View Real Time Build Order
Export as new Build Order

GAMETIME Zerg - Winner!

Build Orders: Hatch First 

Get SALT Encoding   

  12  0:00  Drone  
  13  0:08  Drone  
  14  0:16  Overlord  
  14  0:25  Extractor  
  14  0:26  Drone  
  15  0:35  Drone  
  15  0:36  Drone  
  17  0:53  Hatchery  
  16  0:57  Drone  
  16  0:59  Drone  
  18  1:11  Extractor  
  18  1:15  Spawning Pool  
  18  1:18  Drone  
  17  1:21  Drone  
  18  1:27  Drone  
  19  1:38  Overlord  
  19  2:02  Queen  
  19  2:03  Drone x2  
  19  2:04  Queen  
  19  2:06  Drone  
  26  2:09  Drone  
  26  2:12  Metabolic Boost  
  27  2:18  Overlord  
  27  2:21  Drone  
  28  2:36  Zergling x2  
  29  2:38  Drone x2  
  29  2:39  Queen  
  29  2:41  Drone  
  34  2:48  Lair  
  34  2:51  Drone  
  34  2:54  Extractor  
  34  2:55  Drone  
  35  2:59  Drone  
  35  3:03  Overlord  
  36  3:13  Overlord  
  36  3:21  Drone x6  
  36  3:26  Drone  
  43  3:31  Overlord  
  43  3:33  Extractor  
  41  3:37  Overlord  
  41  3:42  Overlord  
  41  3:43  Drone x2  
  41  3:44  Drone  
  44  3:53  Spire  
  44  3:54  Drone, Extractor  
  43  3:56  Drone  
  43  3:58  Drone  
  45  4:05  Drone x2  
  45  4:06  Drone  
  48  4:15  Drone x4  
  52  4:25  Hatchery  
  52  4:28  Overlord  
  51  4:35  Zergling x6  
  54  4:41  Zergling x4  
  55  4:46  Zergling x4  
  55  4:47  Zergling x2  
  56  5:00  Overseer  
  56  5:04  Drone x2  
  56  5:05  Mutalisk x2  
  62  5:08  Mutalisk  
  62  5:12  Zerg Flyer Weapons Level 1  
  64  5:17  Mutalisk  
  64  5:18  Mutalisk  
  68  5:26  Overlord x2  
  68  5:33  Overlord  
  68  5:38  Overlord  
  68  5:41  Overlord  
  68  5:44  Queen  
  68  5:45  Mutalisk x2  
  68  5:48  Mutalisk  
  76  5:52  Zergling x4  
  75  6:05  Mutalisk x2  
  75  6:08  Mutalisk  
  75  6:10  Zergling x10  
  78  6:12  Zergling x2  
  78  6:13  Zergling x2  
  78  6:16  Mutalisk  
  82  6:21  Zergling x4  
  82  6:24  Mutalisk  
  86  6:26  Overlord  
  86  6:32  Mutalisk  
  88  6:33  Zergling x4  
  90  6:40  Zergling x6  
  90  6:44  Zergling x6  
  90  6:45  Zergling x2  
  97  6:50  Overlord  
  97  6:56  Mutalisk  
  97  6:57  Mutalisk  
  97  7:01  Zergling x6  
  100  7:06  Mutalisk  
  101  7:09  Zergling x2  
  101  7:10  Zergling x6  
  101  7:13  Mutalisk  
  102  7:15  Zergling x2  
  102  7:16  Zergling x2  
  102  7:19  Mutalisk  
  102  7:21  Zergling x2  
  107  7:25  Zergling x4  
  109  7:35  Mutalisk  
  109  7:36  Zergling x4  
  109  7:37  Zergling x8  
Tags
 
Add a new tag
Caveats
  • Supply blocks, unpowered buildings, or Contaminate may cause inaccurate times.
  • Supply counts are checked every 10 seconds.